 Dungeon Crawl Stone Soup version 0.29-a0-857-g9b1aa3ac5b (webtiles) character file.

Game seed: 14577107492530053432

16 nxtlvl the Cutter (level 2, -1/18 HPs)
             Began as a Deep Elf Monk on July 17, 2022.
             Slain by an orc wizard
             ... wielding a +0 dagger
              (2 damage)
             ... on level 3 of the Dungeon.
             The game lasted 00:01:25 (235 turns).

nxtlvl the Cutter (Deep Elf Monk)                    Turns: 235, Time: 00:01:25

Health: -1/18      AC:  2    Str:  8    XL:     2   Next: 37%
Magic:  4/4        EV: 13    Int: 14    God:
Gold:   48         SH:  0    Dex: 17    Spells: 1/1 levels left

rFire   . . .      SeeInvis .   a - +0 short sword
rCold   . . .      Faith    .   (no shield)
rNeg    . . .      Spirit   .   b - +0 robe
rPois   .          Reflect  .   (no helmet)
rElec   .          Harm     .   (no cloak)
rCorr   .          Rampage  .   (no gloves)
Will    .....                   (no boots)
Stlth   ++........              (no amulet)
HPRegen 0.06/turn               (no ring)
MPRegen 0.09/turn               (no ring)

@: no status effects
A: no striking features
a: no special abilities


You were on level 3 of the Dungeon.
You visited 1 branch of the dungeon, and saw 3 of its levels.

You collected 48 gold pieces.

Inventory:

Hand Weapons
 a - a +0 short sword (weapon)
Armour
 b - a +0 robe (worn)
Scrolls
 d - a scroll of enchant weapon {unknown}
 e - a scroll of amnesia {unknown}
 f - a scroll of identify {unknown}
Potions
 c - a potion of ambrosia


   Skills:
 - Level 2.4 Fighting
 * Level 3.8 Short Blades
 - Level 3.6 Dodging
 - Level 2.4 Stealth


You had one spell level left.
You didn't know any spells.
Your spell library was empty.

Dungeon Overview and Level Annotations

Branches:
Dungeon (3/15)

Altars:


Message History

f - a scroll labelled LIMIXTEUNI You now have 48 gold pieces (gained 4).
You open the door. 4 orcs and an orc wizard come into view.
An orc is wielding a +0 dagger of venom.
The orc shouts!
The orc wizard shouts!
The orc shouts!
The orc wizard casts a spell.
The orc wizard flickers and vanishes!
Deactivating autopickup; reactivate with Ctrl-A.
Found a spear.
Found an escape hatch in the ceiling.
Okay, then.
You hit the orc.
The orc is heavily wounded.
The orc closely misses you.
The orc shouts!
You hit the orc.
You kill the orc!
Something hits you.
The orc throws a boomerang.
The boomerang barely misses you.
Things that are here:
a +0 club; an orc corpse You miss something.
You barely miss something.
You hear some strange, mumbled words.
A puff of flame appears from out of thin air!
The puff of flame hits you.
You barely miss something. Something hits you but does no damage.
You miss something. Something hits you.
* * * LOW HITPOINT WARNING * * *
You miss something. Something hits you.
* * * LOW HITPOINT WARNING * * *
The orc throws a boomerang.
The boomerang misses you.
You miss something. Something hits you.
* * * LOW HITPOINT WARNING * * *
You closely miss something. Something hits you but does no damage.
You hit something. Something hits you.
* * * LOW HITPOINT WARNING * * *
The orc throws a boomerang.
The boomerang barely misses you.
You closely miss something. Something hits you.
You die... #.........# +..)......+ .......<. ....... ..... ooo

#{# #@#
#.#######
##.......#
##...####.#
#.....# #
##...####.# #
##.##...
#.###.##.#
#.†......##.#


You could see 3 orcs.

Vanquished Creatures
  An orc (D:3)
  3 ball pythons (D:1)
  An endoplasm (D:1)
  2 giant cockroaches
  2 hobgoblins
  A kobold (D:1)
  2 bats
  2 rats
14 creatures vanquished.

Notes
Turn   | Place    | Note
-------+----------+-------------------------------------------
     0 | D:1      | nxtlvl the Deep Elf Monk began the quest for the Orb.
     0 | D:1      | Reached XP level 1. HP: 13/13 MP: 3/3
   110 | D:1      | Reached XP level 2. HP: 12/18 MP: 4/4
   156 | D:2      | Found a faded altar of an unknown god.
   235 | D:3      | Slain by an orc wizard

Illustrated notes

Levels and vault maps discovered:
D:1:      spicycebolla_arrival_transporter_tutorial, layout_loops_cross,
          st_stairs_5, chequers_serial_rivers_micro_a, minmay_misc_feat_cross,
          minmay_tetromino_o2
D:2:      layout_loops_corners, dreamdust_ecumenical_altar_statues, uniq_natasha
D:3:      layout_loops_corners, general_overflow_altar, minmay_vboxes

Action                   || total
-------------------------++-------
Melee: Short sword       ||    45
       Punch             ||     1
 Stab: Sleeping          ||     6
Armor: Robe              ||     9
Dodge: Dodged            ||    19

Table legend: (Time is in decaauts)
 A = Elapsed time spent in this place.
 B = Non-inter-level travel time spent in this place.
 C = Inter-level travel time spent in this place.
 D = Time resting spent in this place.
 E = Time spent auto-exploring this place.
 F = Levels seen in this place.
 G = Mean time per level.
                   A        B        C        D        E       F      G
               +--------+--------+--------+--------+--------+-----+--------+
         Total |    230 |    213 |     17 |      0 |      7 |   3 |   76.7 |
       Dungeon |    230 |    213 |     17 |      0 |      7 |   3 |   76.7 |
               +--------+--------+--------+--------+--------+-----+--------+

Top non-repeatable levels by time:
     D:1: 149 daAuts
     D:3: 49 daAuts
     D:2: 31 daAuts
